Map: Catalyst LE

Players

Stropheum - Winner!

  • Race: Zerg Zerg
  • League: Diamond
  • Spawn Location: 5:00

IIIIIIIIIIII

  • Race: Protoss Protoss
  • League: Diamond
  • Spawn Location: 11:00

VOD

Have the link to the VOD?

Description

fighting a cheesy boi. He beat me in the last game and tried to tilt me. Feelsgoodman

Time

  • Played on: March 31, 2018, 7:09 p.m.
  • Length: 13:35
Show
View Real Time Build Order
Export as new Build Order

Stropheum Zerg - Winner!

Build Orders: Hatch First 

Get SALT Encoding   

  12  0:01  Drone  
  13  0:13  Overlord  
  13  0:17  Drone  
  14  0:31  Drone  
  14  0:33  Drone  
  16  0:56  Hatchery  
  15  0:58  Drone x2  
  15  1:00  Drone  
  18  1:11  Extractor  
  18  1:17  Spawning Pool  
  16  1:20  Drone  
  16  1:24  Drone  
  18  1:31  Drone  
  19  1:41  Drone  
  21  1:54  Drone  
  21  2:02  Hatchery  
  21  2:03  Drone  
  21  2:08  Drone  
  22  2:10  Queen  
  22  2:14  Drone  
  25  2:20  Overlord  
  25  2:26  Metabolic Boost  
  25  2:30  Zergling x2  
  25  2:32  Zergling x2  
  25  2:35  Zergling x2  
  28  2:44  Zergling x2  
  28  2:46  Queen  
  28  2:50  Overlord  
  31  2:57  Drone x2  
  33  3:02  Drone  
  34  3:12  Baneling Nest  
  33  3:13  Drone x2  
  35  3:27  Queen x2  
  35  3:28  Drone x3  
  35  3:33  Drone x2  
  44  3:36  Overlord  
  44  3:55  Drone x3  
  45  3:56  Drone x5  
  45  3:58  Spore Crawler  
  45  4:01  Drone x2  
  45  4:02  Drone  
  54  4:08  Overlord  
  54  4:09  Spore Crawler  
  53  4:11  Overlord  
  53  4:12  Extractor  
  52  4:18  Drone x2  
  52  4:19  Evolution Chamber  
  53  4:35  Extractor, Lair  
  53  4:36  Overlord x2  
  52  4:44  Drone x10  
  62  4:52  Overlord x2  
  62  4:57  Zergling x4  
  61  5:11  Zergling x20  
  69  5:18  Zergling x2  
  69  5:19  Zergling x8  
  55  5:43  Drone x6  
  55  5:47  Queen x2  
  55  5:49  Queen  
  63  6:11  Drone x8  
  64  6:14  Spore Crawler  
  64  6:15  Spine Crawler  
  69  6:23  Pneumatized Carapace  
  69  6:26  Zergling x8  
  64  6:47  Drone x6  
  64  6:53  Extractor x2  
  66  6:56  Zerg Melee Weapons Level 1, Centrifical Hooks  
  66  7:09  Hatchery  
  65  7:18  Overlord x2  
  65  7:26  Zergling x28  
  79  7:32  Overseer  
  79  7:35  Overseer  
  79  7:43  Spine Crawler  
  78  7:56  Overlord  
  78  7:57  Overlord  
  78  8:02  Hydralisk Den  
  78  8:03  Drone x3  
  78  8:04  Drone  
  78  8:05  Drone x8  
  89  8:23  Hatchery  
  88  8:29  Drone x2  
  88  8:31  Evolution Chamber  
  89  8:35  Overlord x3  
  89  8:37  Hydralisk x4, Grooved Spines  
  97  8:44  Hydralisk  
  97  8:45  Hydralisk x3  
  105  8:49  Overlord x5  
  105  8:52  Baneling  
  105  8:53  Baneling x9  
  105  8:56  Overlord  
  105  8:57  Overlord x2  
  105  9:01  Hydralisk  
  105  9:02  Hydralisk  
  109  9:11  Zerg Missile Weapons Level 1  
  92  9:27  Overlord x2  
  92  9:39  Hydralisk x8  
  92  9:41  Drone  
  92  9:42  Drone x8  
  117  9:53  Muscular Augments  
  117  10:03  Overlord  
  117  10:04  Overlord x3  
  117  10:05  Drone  
  117  10:06  Drone x4, Extractor  
  121  10:07  Spore Crawler  
  121  10:10  Spine Crawler  
  121  10:11  Spine Crawler  
  121  10:12  Spine Crawler  
  117  10:14  Hydralisk x3  
  123  10:27  Drone  
  123  10:28  Drone x10  
  134  10:35  Zerg Ground Armor Level 1  
  134  10:39  Infestation Pit  
  133  10:54  Overlord x2, Hydralisk x5  
  133  10:55  Hydralisk x5  
  153  10:59  Overseer  
  153  11:15  Spire  
  153  11:17  Drone  
  153  11:18  Drone x8  
  161  11:19  Extractor  
  161  11:20  Extractor  
  161  11:21  Hive  
  161  11:23  Overlord x2  
  161  11:25  Zergling x8  
  163  11:32  Hatchery  
  162  11:36  Hydralisk  
  162  11:37  Hydralisk x4  
  172  11:53  Hydralisk x4  
  180  12:10  Spine Crawler x3, Hydralisk x5  
  180  12:12  Spine Crawler  
  186  12:16  Zergling x28  
  200  12:34  Extractor  
  200  12:37  Baneling x9, Extractor  
  198  12:38  Baneling x5  
  198  12:46  Baneling  
  198  12:47  Baneling x6  
  188  13:16  Zergling x16  
Show
View Real Time Build Order
Export as new Build Order

IIIIIIIIIIII Protoss 

Build Orders:  

Get SALT Encoding   

  12  0:00  Probe  
  13  0:15  Pylon  
  13  0:18  Probe  
  14  0:30  Probe  
  14  0:33  Assimilator  
  15  0:43  Gateway  
  15  0:49  Probe (Chrono Boost)  
  16  1:01  Probe (Chrono Boost)  
  17  1:10  Probe (Chrono Boost)  
  18  1:16  Probe  
  19  1:25  Gateway  
  19  1:30  Cybernetics Core  
  19  1:35  Pylon, Probe (Chrono Boost)  
  20  1:40  Assimilator  
  20  1:47  Probe (Chrono Boost)  
  21  1:52  Probe  
  22  2:11  Nexus  
  22  2:22  Adept  
  24  2:24  Adept  
  24  2:27  Probe  
  27  2:40  Twilight Council  
  27  2:49  Adept  
  27  2:51  Adept  
  31  2:55  Warp Gate (Chrono Boost)  
  31  2:58  Shield Battery  
  31  3:08  Pylon  
  31  3:23  Probe, Adept  
  31  3:24  Adept  
  31  3:25  Resonating Glaives (Chrono Boost)  
  36  3:35  Probe x2  
  38  3:57  Robotics Facility  
  38  3:58  Probe x2  
  40  4:08  Assimilator  
  40  4:10  Probe x2, Assimilator  
  42  4:20  Gateway  
  42  4:22  Probe  
  43  4:25  Gateway  
  43  4:26  Probe  
  44  4:34  Probe  
  44  4:38  Probe  
  46  4:44  Warp Prism  
  48  4:49  Sentry  
  46  5:49  Dark Shrine  
  40  5:52  Adept  
  40  5:53  Adept  
  42  5:57  Adept x2  
  42  6:00  Probe x2  
  42  6:03  Pylon  
  48  6:06  Pylon  
  48  6:11  Shield Battery  
  48  6:12  Shield Battery, Probe x2  
  48  6:15  Shield Battery  
  50  6:24  Probe x2  
  52  6:36  Probe x2  
  52  6:48  Probe  
  47  7:00  Gateway  
  47  7:02  Gateway, Dark Templar x4  
  47  7:04  Gateway  
  47  7:05  Gateway  
  55  7:12  Pylon  
  55  7:13  Pylon  
  55  7:14  Pylon  
  51  7:35  Dark Templar x2  
  51  7:36  Dark Templar x2  
  59  8:13  Stalker x2  
  59  8:14  Stalker x6  
  75  8:22  Archon x3  
  75  8:44  Stalker  
  75  8:46  Zealot x7  
  91  9:08  Pylon  
  91  9:11  Pylon x3  
  91  9:13  Pylon  
  79  9:22  Charge (Chrono Boost)  
  59  9:29  Warp Prism  
  61  9:36  Zealot x7  
  61  9:37  Zealot  
  77  9:59  Templar Archives  
  77  10:06  Zealot  
  77  10:07  Zealot x7  
  93  10:34  Psionic Storm  
  93  10:37  High Templar x2  
  93  10:38  High Templar x6  
  109  10:45  Pylon x2  
  109  10:46  Pylon  
  109  10:48  Archon x2  
  109  10:49  Archon  
  109  11:17  High Templar x6  
  109  11:18  High Templar  
  123  11:19  Zealot  
  123  11:21  Archon x3  
  123  11:23  Observer  
  126  11:41  Pylon  
  124  11:48  Stalker  
  124  11:51  Stalker  
  128  12:06  Stalker x3  
  128  12:07  Stalker x3  
  132  12:24  Observer  
  127  12:58  Nexus  
  75  13:22  Zealot x4  
  75  13:23  Zealot x4  
Tags
 
Add a new tag
Caveats
  • Supply blocks, unpowered buildings, or Contaminate may cause inaccurate times.
  • Supply counts are checked every 10 seconds.